 Dungeon Crawl Stone Soup version 0.21-a0-440-g28109cb (webtiles) character file.

875 kiturien the Slasher (level 7, -3/61 HPs)
             Began as a Minotaur Fighter on Nov 10, 2017.
             Killed by divine providence
             ... invoked by an orc priest
              (12 damage)
             ... on level 3 of the Dungeon.
             The game lasted 00:09:28 (2720 turns).

kiturien the Slasher (Minotaur Fighter)             Turns: 2720, Time: 00:09:29

Health: -3/61      AC: 15    Str: 22    XL:     7   Next: 74%
Magic:  6/6        EV:  6    Int:  5    God:
Gold:   249        SH: 10    Dex:  8    Spells: 6/6 levels left

rFire    x . .     SeeInvis .   a - +1 long sword
rCold    + . .     Gourm    .   c - +0 shield
rNeg     . . .     Faith    .   v - +0 plate armour
rPois    .         Spirit   .   (helmet restricted)
rElec    .         Reflect  .   m - +0 cloak
rCorr    .         Harm     .   (no gloves)
MR       .....                  (no boots)
Stlth    ..........             (no amulet)
HPRegen  0.20/turn              j - ring of ice
MPRegen  0.10/turn              (no ring)

@: no status effects
A: retaliatory headbutt, horns 2, slimy green scales 1, clumsy 1, evolution 1,
sturdy frame 1
a: no special abilities


You were on level 3 of the Dungeon.
You were not hungry.

You visited 1 branch of the dungeon, and saw 5 of its levels.

You collected 249 gold pieces.

Inventory:

Hand Weapons
 a - a +1 long sword (weapon)
Armour
 c - a +0 shield (worn)
 m - a +0 cloak (worn)
 p - a +1 scale mail of fire resistance
 v - a +0 plate armour (worn)
Jewellery
 j - a ring of ice (left hand)
Wands
 o - a wand of iceblast (5/15)
Scrolls
 d - 5 scrolls of remove curse
 i - a scroll of magic mapping
 l - a scroll of identify
 n - 3 scrolls of fog
 s - 2 scrolls of amnesia
Potions
 e - 2 potions of agility
 g - a potion of flight {unknown}
 h - a potion of curing {unknown}
 k - a potion of heal wounds {unknown}
 u - a potion of haste {unknown}
Books
 t - the Catalogue of Ashen Beguiling
   (You found it on level 4 of the Dungeon)

   Spells                             Type                      Level
   a - Sandblast                      Earth                        1
   b - Portal Projectile              Hexes/Translocation          3
   c - Lee's Rapid Deconstruction     Earth                        5
   d - Discord                        Hexes                        8
Comestibles
 b - a royal jelly
 f - 5 bread rations


   Skills:
 * Level 5.1 Fighting
 * Level 6.9 Long Blades
 * Level 5.4 Armour
 * Level 2.7 Dodging
 * Level 6.3 Shields


You had 6 spell levels left.
You didn't know any spells.

Dungeon Overview and Level Annotations

Branches:
Dungeon (5/15)
 Temple: D:4-7

Altars:
Dithmenos
Elyvilon
Uskayaw
Vehumet


Innate Abilities, Weirdness & Mutations

You reflexively headbutt those who attack you in melee.
You have a pair of horns on your head.
You are partially covered in slimy green scales. (AC +2)
You are clumsy. (Dex -2)
You evolve.
Your movements are slightly less encumbered by armour. (ER -2)


Message History

The orc priest looks encouraged for a moment.
You barely miss the orc wizard. The orc wizard casts a spell at you.
The magic dart hits you!
You barely miss the orc wizard. You block the orc wizard's attack.
You miss something. You slash the orc wizard!
The orc wizard is heavily wounded.
The orc priest calls down the wrath of Beogh upon you.
Beogh smites you!
* * * LOW HITPOINT WARNING * * *
Something hits you but does no damage. The orc wizard completely misses you.
You furiously retaliate!
You headbutt the orc wizard, but do no damage.
Something hits you but does no damage.
You see here a short sword.
The orc priest calls upon Beogh to heal the orc wizard.
The orc priest invokes the aid of Beogh against you.
Beogh smites you!
You die...

##### #. #.#
###.#### ......#
##.##.#
##...#.#######
#...oo..o..@.#
##...#.#####.#
##.########.#####
#.# #........#
#.# #.##.###.#
##o## # #.# #.#
#.o.# #.###.##
#.......#
#......# ##
##.......#
##.##..# ##.


You could see an orc priest, an orc wizard and an orc.

Vanquished Creatures
  The ghost of Barriton the Cudgeler, an amateur MiBe of Trog (D:3)
  A phantom (D:4)
  A scorpion (D:4)
  A howler monkey (D:5)
  An orc priest (D:4)
  A bullfrog skeleton (D:4)
  4 hounds
  2 orc wizards (D:4)
  2 iguanas
  4 worker ants
  A gnoll (D:1)
  8 adders
  An ooze (D:5)
  2 worms (D:4)
  4 dart slugs
  2 leopard geckos
  10 orcs
  6 bats
  5 giant cockroaches
  6 hobgoblins
  4 jackals (D:4)
  3 kobolds
  3 quokkas
  A ball python (D:1)
  6 frilled lizards
  7 goblins
  2 rats
89 creatures vanquished.

Notes
Turn   | Place    | Note
-------+----------+-------------------------------------------
     0 | D:1      | kiturien the Minotaur Fighter began the quest for the Orb.
     0 | D:1      | Reached XP level 1. HP: 19/19 MP: 0/0
   110 | D:1      | Reached XP level 2. HP: 27/27 MP: 1/1
   338 | D:1      | Reached XP level 3. HP: 32/33 MP: 2/2
   730 | D:2      | Gained mutation: You are clumsy. (Dex -2) [potion of mutation]
   730 | D:2      | Gained mutation: You have a somewhat thin skeletal structure. (Dex +2, Stealth) [potion of mutation]
   730 | D:2      | Gained mutation: Armour fits poorly on your strangely shaped body. [potion of mutation]
   730 | D:2      | Gained mutation: You are partially covered in slimy green scales. (AC +2) [potion of mutation]
   731 | D:2      | Lost mutation: Armour fits poorly on your strangely shaped body. [potion of mutation]
   731 | D:2      | Lost mutation: You have a somewhat thin skeletal structure. (Dex +2, Stealth) [potion of mutation]
   731 | D:2      | Gained mutation: Your movements are slightly less encumbered by armour. (ER -2) [potion of mutation]
   731 | D:2      | Gained mutation: Scrolls take you a little longer to read. [potion of mutation]
   731 | D:2      | Gained mutation: You evolve. [potion of mutation]
   743 | D:2      | Reached XP level 4. HP: 33/40 MP: 3/3
   777 | D:2      | Found a radiant altar of Vehumet.
  1052 | D:3      | Noticed Barriton's ghost (amateur MiBe)
  1082 | D:3      | Killed Barriton's ghost
  1082 | D:3      | Reached skill level 1 in Dodging
  1082 | D:3      | Reached skill level 5 in Shields
  1082 | D:3      | Reached XP level 5. HP: 6/47 MP: 4/4
  1407 | D:3      | You fall through a shaft for 2 floors!
  1407 | D:5      | Entered Level 5 of the Dungeon
  1450 | D:5      | Reached XP level 6. HP: 18/53 MP: 5/5
  1465 | D:5      | Reached skill level 5 in Long Blades
  1466 | D:5      | Reached skill level 5 in Armour
  1782 | D:4      | Identified the Catalogue of Ashen Beguiling
  1799 | D:4      | Found a hide-covered altar of Uskayaw.
  1828 | D:4      | Reached XP level 7. HP: 20/60 MP: 6/6
  2084 | D:4      | Reached skill level 5 in Fighting
  2113 | D:4      | Noticed a dagger
  2114 | D:4      | Noticed a dagger
  2193 | D:4      | Found a white marble altar of Elyvilon.
  2255 | D:4      | Found a shadowy altar of Dithmenos.
  2654 | D:3      | Lost mutation: Scrolls take you a little longer to read. [evolution]
  2720 | D:3      | Killed from afar by an orc priest

Vault maps used:
D:1:      kilobyte_arrival_exit_the_forest, minmay_tetromino_i2
D:2:      fiery_altar_vehumet
D:3:      lemuel_angel_altar
D:4:      elyvilon_altar_4, dancing_weapons_uskayaw,
          nicolae_dithmenos_the_darkroom
D:5:      first_bread, basic_altar, minmay_misc_feat_x

Skill      XL: |  1  2  3  4  5  6  7 |
---------------+----------------------+-----
Armour         | 4 5 |  5.4
Shields        | 4 5 6 |  6.3
Fighting       | 4 5 |  5.1
Long Blades    | 3 4 5 6 |  6.9
Dodging        | 1 2 |  2.7

Action                   |  1- 3 |  4- 6 |  7- 9 || total
-------------------------+-------+-------+-------++-------
Melee: Long sword        |    65 |   118 |    97 ||   280
       Headbutt          |     7 |    20 |    16 ||    43
  Use: Scroll            |     5 |       |     4 ||     9
       Potion            |     2 |     1 |       ||     3
  Eat: Chunk             |       |     3 |     3 ||     6
Armor: Scale mail        |    44 |    54 |    13 ||   111
       Plate armour      |       |       |    52 ||    52
Dodge: Dodged            |    18 |    46 |    26 ||    90
Block: Shield            |    38 |    86 |    57 ||   181
       Rpst.: Long sword |     1 |    15 |     8 ||    24

Table legend:
 A = Spawn XP
 B = Non-spawn XP
 C = Spawn XP percentage of total XP
 D = Spawn monster count
 E = Non-spawn monster count
 F = Spawn count percentage of total count
 G = Total turns spent on level
                    A         B        C        D         E        F      G
               +---------+---------+-------+---------+---------+-------+---------
         Total |       0 |    1251 |   0.0 |       0 |      89 |   0.0 |  2720
               +---------+---------+-------+---------+---------+-------+---------
           D:1 |       0 |      55 |   0.0 |       0 |      23 |   0.0 |   691
           D:2 |       0 |      99 |   0.0 |       0 |      14 |   0.0 |   349
           D:3 |       0 |     256 |   0.0 |       0 |      14 |   0.0 |   638
           D:4 |       0 |     665 |   0.0 |       0 |      31 |   0.0 |   694
           D:5 |       0 |     176 |   0.0 |       0 |       7 |   0.0 |   348
               +---------+---------+-------+---------+---------+-------+---------
